 Dungeon Crawl Stone Soup version 0.25.1-2-g60ff931df9 (webtiles) character file.

Game seed: 16339405364590017013

2531 H0rd4k the Thaumaturge (level 9, -9/45 HPs)
             Began as a Deep Elf Wizard on Nov 16, 2020.
             Was an Initiate of Gozag.
             Mangled by an orc warrior
             ... wielding a +0 war axe
              (13 damage)
             ... on level 9 of the Dungeon.
             The game lasted 00:15:27 (10736 turns).

H0rd4k the Thaumaturge (Deep Elf Wizard)           Turns: 10736, Time: 00:15:27

Health: -9/45      AC:  3    Str:  4    XL:     9   Next: 29%
Magic:  4/26       EV: 29    Int: 27    God:    Gozag
Gold:   585        SH:  0    Dex: 13    Spells: 22/31 levels left

rFire    . . .     SeeInvis .   (no weapon)
rCold    . . .     Gourm    .   (no shield)
rNeg     . . .     Faith    .   a - +0 robe
rPois    .         Spirit   .   b - +1 hat
rElec    .         Reflect  .   D - scarf {+Inv}
rCorr    .         Harm     .   (no gloves)
MR       .....                  (no boots)
Stlth    +++.......             r - amulet of the acrobat
HPRegen  0.15/turn              (no ring)
MPRegen  0.20/turn              (no ring)

@: lethally poisoned (-9 -> -11), gold aura, acrobat
A: no striking features
a: Potion Petition, Call Merchant, Bribe Branch, Renounce Religion, Evoke
Invisibility


You were on level 9 of the Dungeon.
You worshipped Gozag.
Gozag was pleased with you.
You were very hungry.

You visited 2 branches of the dungeon, and saw 10 of its levels.

You collected 704 gold pieces.
You paid 119 gold pieces to Gozag.

Inventory:

Hand Weapons
 v - a +0 dagger of venom
 y - a +4 dagger
Missiles
 m - 88 poisoned darts (quivered)
 z - 7 curare-tipped darts
Armour
 a - a +0 robe (worn)
 b - a +1 hat (worn)
 D - a scarf of invisibility (worn)
Magical Staves
 E - an uncursed staff of poison {unknown}
Jewellery
 r - an amulet of the acrobat (around neck)
 B - an uncursed ring of poison resistance
Wands
 o - a wand of disintegration (4)
 C - a wand of random effects (17)
Scrolls
 e - 4 scrolls of remove curse
 f - 6 scrolls of teleportation
 j - 5 scrolls of enchant armour
 k - 5 scrolls of identify
 t - a scroll of blinking {unknown}
 u - a scroll of random uselessness {unknown}
 x - a scroll of amnesia {unknown}
 A - a scroll of vulnerability {unknown}
 F - a scroll of summoning {unknown}
Potions
 h - 2 potions of might
 i - a potion of mutation {unknown}
 l - 3 potions of berserk rage {unknown}
 n - a potion of degeneration {unknown}
 p - 2 potions of lignification
 q - a potion of cancellation
 s - 5 potions of curing {unknown}
 w - a potion of resistance {unknown}
Comestibles
 d - 14 rations


   Skills:
 + Level 3.8 Dodging
 + Level 4.3 Stealth
 + Level 11.6 Spellcasting
 + Level 7.9 Conjurations
   Level 1.1 Summonings
 + Level 2.2 Translocations
 + Level 2.5 Fire Magic
 + Level 1.2 Air Magic
 + Level 2.6 Poison Magic
 + Level 0.2 Evocations


You had 22 spell levels left.
You knew the following spells:

 Your Spells              Type           Power        Failure   Level  Hunger
a - Magic Dart            Conj           ####         1%          1    None
b - Blink                 Tloc           N/A          2%          2    None
c - Conjure Flame         Conj/Fire      #####...     1%          3    None
d - Mephitic Cloud        Conj/Pois/Air  #####...     2%          3    None

Your spell library contained the following spells:

 Spells                   Type           Power        Failure   Level  Hunger
 Animate Skeleton         Necr           N/A          3%          1    None
 Pain                     Necr           ###.         3%          1    None
 Call Imp                 Summ           ###.....     3%          2    None
 Slow                     Hex            ###.....     5%          2    None
 Vampiric Draining        Necr           ###.......   11%         3    None
 Animate Dead             Necr           N/A          36%         4    None
 Agony                    Necr           ###.....     71%         5    ###....


Dungeon Overview and Level Annotations

Branches:
Dungeon (9/15)             Temple (1/1) D:6
   Lair: D:8-11         Orc: D:9-12

Altars:
Cheibriados
Dithmenos
Elyvilon
Gozag
Hepliaklqana
Kikubaaqudgha
Makhleb
Nemelex Xobeh
Okawaru
Qazlal
Ru
Sif Muna
Trog
Uskayaw
Wu Jian
Xom
Yredelemnul
Zin
The Shining One

Annotations:
D:1 exclusion: downstairs
D:6 exclusion: 2 killer bees
D:8 exclusions: downstairs and upstairs


Message History

You feel less wooden.
Your scarf of invisibility unmelds from your body.
Your +1 hat unmelds from your body.
Your +0 robe unmelds from your body.
You become transparent for a moment.
You feel a little less clever now.
You feel less ready to backstab.
The centaur zombie is no longer distracted by gold.
The centaur zombie hits you.
* * * LOW HITPOINT WARNING * * *
The orc wizard gestures wildly while chanting.
The orc wizard seems to speed up.
Casting: Magic Dart (safe; 1% risk of failure)
Confirm with . or Enter, or press ? or * to list all spells.
You blink.
You feel sick.
The orc becomes distracted by your gold, dreaming of imaginary riches.
The orc is no longer distracted by gold.
Really attack unarmed?
Okay, then.
The orc warrior hits you with a +0 war axe!
You die...
Your body crumbles into a pile of gold.

######## #...##.# #...#
###......###.#.##.# #...#
#.....##.#......ยง.####...###
#..#.....#..................
#.##.....#..##...........[..
#..#..........Z#............
#........#..#.##..##.......#
###..........o....##.#...#.#
##.####o)@o....###.#...#.#
#.####.###.#### #.......# ###
#.#....<...# #....... ..#
#.#.##.##### #.# #.#.##.#
#.## #......# #.#####.####
#.......# ##.#######


You could see an orc warrior, an orc wizard (fast), an orc and a centaur zombie.

Vanquished Creatures
  A hippogriff (D:7)
  A hungry ghost (D:7)
  2 sky beasts
  2 phantoms (D:4)
  An ice beast (D:8)
  A black bear (D:7)
  An ogre (D:7)
  2 centaurs
  A gnoll sergeant (D:7)
  A big kobold (D:7)
  A bullfrog (D:7)
  3 scorpions
  3 killer bees (D:9)
  A howler monkey (D:6)
  A centaur zombie (D:8)
  A crimson imp (D:7)
  3 bullfrog skeletons
  A jelly (D:7)
  4 hounds
  A centaur skeleton (D:7)
  2 iguanas
  10 worker ants
  An orc wizard (D:9)
  A hound zombie (D:7)
  A hound skeleton (D:7)
  8 gnolls
  2 worker ant zombies
  5 adders
  2 shadow imps
  2 oozes (D:1)
  An adder skeleton (D:8)
  3 worms
  2 dart slugs
  4 leopard geckos
  19 orcs
  8 bats
  9 giant cockroaches
  5 goblins
  7 hobgoblins
  8 jackals
  3 quokkas
  A ball python (D:2)
  6 frilled lizards
  A jackal skeleton (D:6)
  9 kobolds
  7 rats
159 creatures vanquished.

Notes
Turn   | Place    | Note
-------+----------+-------------------------------------------
     0 | D:1      | H0rd4k the Deep Elf Wizard began the quest for the Orb.
     0 | D:1      | Reached XP level 1. HP: 10/10 MP: 7/7
   421 | D:1      | Reached XP level 2. HP: 15/15 MP: 2/9
   578 | D:1      | Reached skill level 5 in Spellcasting
   927 | D:1      | Reached XP level 3. HP: 19/19 MP: 1/11
   931 | D:1      | Learned a level 2 spell: Blink
   935 | D:1      | Learned a level 3 spell: Conjure Flame
   939 | D:1      | Learned a level 3 spell: Mephitic Cloud
  1919 | D:2      | Reached skill level 1 in Fire Magic
  1919 | D:2      | Reached XP level 4. HP: 10/24 MP: 2/13
  2914 | D:2      | Reached skill level 1 in Poison Magic
  3324 | D:3      | Reached XP level 5. HP: 28/28 MP: 10/15
  3329 | D:3      | Reached skill level 1 in Air Magic
  3336 | D:3      | Reached skill level 6 in Spellcasting
  3953 | D:4      | Noticed a phantom
  3980 | D:4      | Killed a phantom
  3980 | D:4      | Reached XP level 6. HP: 23/32 MP: 2/17
  4513 | D:4      | Reached skill level 7 in Spellcasting
  4790 | D:4      | Found a shimmering blue altar of Sif Muna.
  5506 | D:5      | Entered Level 5 of the Dungeon
  5704 | D:5      | Reached XP level 7. HP: 36/36 MP: 16/20
  5883 | D:5      | Reached skill level 8 in Spellcasting
  5985 | D:5      | Reached skill level 5 in Conjurations
  6971 | D:5      | Reached skill level 9 in Spellcasting
  7131 | D:6      | Found a staircase to the Ecumenical Temple.
  7153 | D:6      | Reached XP level 8. HP: 34/41 MP: 15/23
  8070 | Temple   | Entered the Ecumenical Temple
  8150 | Temple   | Became a worshipper of Gozag Ym Sagoz the Greedy
  8697 | D:8      | Reached skill level 10 in Spellcasting
  9236 | D:7      | Noticed a hippogriff
  9247 | D:7      | Killed a hippogriff
  9784 | D:7      | Reached XP level 9. HP: 43/45 MP: 9/25
  9923 | D:7      | Reached skill level 11 in Spellcasting
 10736 | D:9      | Mangled by an orc warrior

Illustrated notes

Levels and vault maps discovered:
D:1:      nzn_arrival_crosshair, layout_basic
D:2:      layout_loops_ring
D:3:      layout_rooms, first_ration
D:4:      layout_basic, overflow_temple_1_default, serial_forest,
          infiniplex_forest_clump_double, infiniplex_forest_side_room,
          infiniplex_forest_straight_2, infiniplex_forest_clump_diagonal,
          infiniplex_forest_clump_medium, infiniplex_forest_lined_3
D:5:      layout_basic
D:6:      layout_loops_ring, minmay_temple_entry_slanted
D:7:      layout_basic, minivault_24
D:8:      layout_rooms
D:9:      layout_loops_cross, orc_0_dummy
Temple:   kilobyte_greek_temple

Skill      XL: |  1  2  3  4  5  6  7  8  9 |
---------------+----------------------------+-----
Spellcasting   | 5 6 7 9 10 11 | 11.6
Fire Magic     | 1 2 |  2.5
Conjurations   | 2 3 4 5 7 |  7.9
Poison Magic   | 1 2 |  2.6
Dodging        | 3 |  3.8
Air Magic      | 1 |  1.2
Stealth        | 3 4 |  4.3
Translocations | 2 |  2.2
Summonings     | |  1.1
Evocations     | |  0.2

Action                   |  1- 3 |  4- 6 |  7- 9 || total
-------------------------+-------+-------+-------++-------
Melee: Unarmed           |       |       |     1 ||     1
 Cast: Magic Dart        |   120 |   193 |   272 ||   585
       Conjure Flame     |       |     2 |    29 ||    31
       Blink             |       |       |     8 ||     8
       Mephitic Cloud    |       |       |     9 ||     9
Evoke: Wand              |       |       |     5 ||     5
  Use: Scroll            |       |     6 |       ||     6
       Potion            |       |       |     4 ||     4
  Eat: Chunk             |     3 |    10 |     8 ||    21
       Ration            |       |       |     2 ||     2
Armor: Robe              |     7 |       |    16 ||    23
Dodge: Dodged            |    37 |    30 |    65 ||   132
